 Dungeon Crawl Stone Soup version 0.30.0-18-gc0e69614cb (webtiles) character file.

Game seed: 18054690362253679569

2793 KittyFluff the Basher (level 9, -2/84 HPs)
             Began as a Gargoyle Berserker on May 24, 2023.
             Was an Elder of Trog.
             Engulfed by a steam dragon's steam (5 damage)
             ... on level 8 of the Dungeon.
             The game lasted 00:31:08 (7069 turns).

KittyFluff the Basher (Gargoyle Berserker)          Turns: 7069, Time: 00:31:09

Health: -2/84      AC: 22    Str: 21    XL:     9   Next: 71%
Magic:  9/9        EV: 13    Int:  8    God:    Trog [****..]
Gold:   325        SH:  0    Dex: 13    Spells: 8/8 levels left

rFire   . . .        b - +1 mace (protect)
rCold   . . .        (no shield)
rNeg    + . .        h - +2 robe {Will+}
rPois   ∞            u - +2 helmet
rElec   +            (no cloak)
rCorr   .            (no gloves)
SInv    +            i - +0 pair of boots
Will    +....        (no amulet) Stlth
                     e - ring of see invisible
HPRegen 0.34/turn    A - ring of flight
MPRegen 0.11/turn

%: no passive effects
@: berserking, under a protective aura, flying, very quick
A: sickness immunity, AC +6, negative energy resistance 1, electricity
resistance, torment resistance 1, petrification resistance
a: Renounce Religion, Berserk, Trog's Hand, Brothers in Arms


You were on level 8 of the Dungeon.
You worshipped Trog.
Trog was greatly pleased with you.
You visited 1 branch of the dungeon, and saw 8 of its levels.

You collected 339 gold pieces.
You spent 14 gold pieces at shops.

Inventory:

Hand Weapons
 b - a +1 mace of protection (weapon)
 n - a +0 flail
 y - a +0 morningstar
 G - a +0 shortbow
Missiles
 d - 2 poisoned darts
 m - 5 boomerangs (quivered)
 I - 2 atropa-tipped darts
Armour
 h - a +2 robe of willpower (worn)
 i - a +0 pair of boots (worn)
 r - +0 ice dragon scales
 t - a +0 leather armour
 u - a +2 helmet (worn)
Jewellery
 e - a ring of see invisible (left hand)
 o - a ring of protection from fire
 A - a ring of flight (right hand)
 E - an amulet of magic regeneration
Wands
 a - a wand of polymorph (5)
 k - a wand of iceblast (7)
Scrolls
 c - a scroll of fear {unknown}
 f - a scroll of blinking {unknown}
 g - a scroll of torment {unknown}
 l - a scroll of enchant armour {unknown}
 p - 5 scrolls of vulnerability {unknown}
 q - 4 scrolls of teleportation
 v - 4 scrolls of magic mapping {unknown}
 w - a scroll of amnesia {unknown}
 x - a scroll of acquirement {unknown}
 F - a scroll of poison {unknown}
 H - a scroll of brand weapon {unknown}
 K - a scroll of fog {unknown}
 L - a scroll of immolation {unknown}
 M - a scroll of noise {unknown}
 O - 2 scrolls of enchant weapon
Potions
 j - a potion of cancellation
 s - 5 potions of curing
 z - a potion of attraction
 B - a potion of lignification
 C - 2 potions of flight
 J - 2 potions of invisibility
 N - a potion of resistance
 P - a potion of heal wounds
 Q - 4 potions of brilliance {unknown}


   Skills:
 + Level 6.6 Fighting
 + Level 9.1 Maces & Flails
 + Level 1.0 Throwing
 * Level 6.8 Armour
 + Level 4.4 Dodging
 + Level 2.8 Stealth


You had 8 spell levels left.
You didn't know any spells.
Your spell library was empty.

Dungeon Overview and Level Annotations

Branches:
Dungeon (8/15)             Temple (0/1) D:7
   Lair: D:8-11

Altars:
Dithmenos
Elyvilon
Fedhas
Gozag
Makhleb
Nemelex Xobeh
Ru
Trog
Wu Jian
The Shining One

Shops:
D:2 !   D:7 *


Innate Abilities, Weirdness & Mutations

You are immune to sickness and miasma.
Your stone body is resilient. (AC +6)
You are immune to poison.
You resist negative energy. (rN+)
You are resistant to electric shocks. (rElec)
You are resistant to unholy torment.
You are immune to petrification.


Message History

You are engulfed in a cloud of scalding steam.
The steam dragon breathes steam at you. The ball of steam misses you.
You barely miss the steam dragon.
You are engulfed in a cloud of scalding steam.
The steam dragon barely misses you. The steam dragon closely misses you.
You closely miss the steam dragon.
You are engulfed in a cloud of scalding steam.
You hit the steam dragon but do no damage.
Your weapon exudes an aura of protection.
You are engulfed in a cloud of scalding steam.
The steam dragon bites you but does no damage.
The steam dragon misses you.
You hit the steam dragon.
The steam dragon is lightly wounded.
The steam dragon barely misses you.
The steam dragon claws you but does no damage.
You hit the steam dragon.
The steam dragon is lightly wounded.
The steam dragon bites you!
* * * LOW HITPOINT WARNING * * *
The steam dragon claws you but does no damage.
You hit the steam dragon.
The steam dragon is moderately wounded.
The steam dragon barely misses you.
The steam dragon claws you but does no damage.
A red film seems to cover your vision as you go berserk!
You feel yourself moving faster!
You feel mighty! The steam dragon breathes steam at you.
The ball of steam hits you!!
* * * LOW HITPOINT WARNING * * *
You hit the steam dragon.
The steam dragon is heavily wounded.
You are engulfed in a cloud of scalding steam.
* * * LOW HITPOINT WARNING * * *
The steam dragon closely misses you. The steam dragon completely misses you.
You completely miss the steam dragon.
The steam dragon is heavily wounded.
You are engulfed in a cloud of scalding steam.
You die...

........##.###.#
###..##.##.# #.#..
.....##.##.###.#.#
####.##.#...##.#.#
#......#...[#.##
####.#...###...
#.##.## #..#
#.##.# #.D# #.##.#
#.@## #.##.#
##...##
#.##.###..§..#
#.........§..#
########.....#
##.._.# #.......
#.#####.# #.# #


You could see a steam dragon (catching breath).

Vanquished Creatures
  Psyche (D:8)
  Prince Ribbit (D:7)
  3 yaks (D:8)
  2 vampire mosquitoes (D:7)
  2 water moccasins
  The ghost of GloriousHammer the Trooper, an amateur OgWr (D:3)
  2 black bears
  2 centaurs
  2 phantoms (D:5)
  A bullfrog (D:6)
  3 scorpions
  An electric eel (D:6)
  A jelly (D:5)
  A gnoll bouda (D:8)
  4 sleepcaps
  3 iguanas
  An orc wizard (D:4)
  10 adders
  8 gnolls
  3 white imps
  A dart slug (D:1)
  16 orcs
  6 endoplasms
  A giant cockroach (D:1)
  18 goblins
  6 hobgoblins
  2 jackals (D:1)
  5 kobolds
  4 quokkas
  3 ball pythons
  10 bats
  11 frilled lizards
  5 rats
140 creatures vanquished.

Notes
Turn   | Place    | Note
-------+----------+-------------------------------------------
     0 | D:1      | KittyFluff the Gargoyle Berserker began the quest for the
                  | Orb.
     0 | D:1      | Reached XP level 1. HP: 14/14 MP: 1/1
   141 | D:1      | Reached XP level 2. HP: 19/19 MP: 2/2
   495 | D:1      | Reached XP level 3. HP: 23/23 MP: 3/3
   764 | D:1      | Reached ** piety under Trog
  1220 | D:2      | Found Vywn's Distillery.
  1229 | D:2      | Reached XP level 4. HP: 29/29 MP: 4/4
  1229 | D:2      | Bought a potion of degeneration for 14 gold pieces
  1501 | D:2      | Reached skill level 4 in Maces & Flails
  2433 | D:3      | Reached XP level 5. HP: 27/33 MP: 5/5
  2503 | D:3      | Found a runed translucent door.
  2506 | D:3      | Noticed GloriousHammer's ghost (amateur OgWr)
  2569 | D:3      | Killed GloriousHammer's ghost
  2569 | D:3      | Reached *** piety under Trog
  2570 | D:3      | Reached XP level 6. HP: 35/38 MP: 6/6
  2713 | D:3      | Found an ornate altar of the Wu Jian Council.
  2811 | D:3      | Found a shadowy altar of Dithmenos.
  3255 | D:4      | Reached skill level 5 in Maces & Flails
  3697 | D:5      | Entered Level 5 of the Dungeon
  3760 | D:5      | Found a sacrificial altar of Ru.
  3793 | D:5      | Reached skill level 1 in Stealth
  3856 | D:5      | Reached XP level 7. HP: 44/44 MP: 7/7
  3971 | D:5      | Found a glowing golden altar of the Shining One.
  4059 | D:5      | Reached skill level 5 in Fighting
  4059 | D:5      | Reached skill level 6 in Maces & Flails
  4484 | D:5      | Found a blossoming altar of Fedhas.
  4566 | D:5      | Reached XP level 8. HP: 47/49 MP: 8/8
  4732 | D:6      | Reached skill level 5 in Armour
  4811 | D:6      | Reached skill level 1 in Throwing
  4919 | D:6      | Reached skill level 7 in Maces & Flails
  5688 | D:7      | Noticed Prince Ribbit
  5698 | D:7      | Killed Prince Ribbit
  5881 | D:7      | Reached skill level 8 in Maces & Flails
  5881 | D:7      | Reached XP level 9. HP: 11/55 MP: 9/9
  6044 | D:7      | Found Gozag's Platinum Reserve.
  6045 | D:7      | Found an opulent altar of Gozag.
  6081 | D:7      | Found a sparkling altar of Nemelex Xobeh.
  6148 | D:7      | Reached **** piety under Trog
  6283 | D:7      | Found a staircase to the Ecumenical Temple.
  6447 | D:8      | Noticed Psyche
  6460 | D:8      | Killed Psyche
  6802 | D:8      | Reached skill level 9 in Maces & Flails
  6822 | D:8      | Found a sacrificial altar of Ru.
  6823 | D:8      | Found a bloodstained altar of Trog.
  6827 | D:8      | Found a burning altar of Makhleb.
  7050 | D:8      | Found a white marble altar of Elyvilon.
  7068 | D:8      | HP: 3/84 [steam dragon] (3)]
  7069 | D:8      | Engulfed by a steam dragon's steam

Illustrated notes

Levels and vault maps discovered:
D:1:      dpeg_arrival_round_a, layout_loops_corners
D:2:      layout_basic, serial_shops, nicolae_shop_trees, serial_forest,
          infiniplex_forest_lined_2, infiniplex_forest_clump_medium,
          infiniplex_forest_lined_2, infiniplex_forest_straight_4,
          infiniplex_forest_zigzag_1, minmay_lizard_king
D:3:      corexii_shack_village, layout_basic, lemuel_crystal_altar,
          nicolae_wu_jian_wuxing_cycle, ebering_ghost_sewer_d,
          hangedman_glass_teeth
D:4:      layout_basic, serial_park_tiny_1
D:5:      layout_gridville, fedhas_altar_3, minmay_misc_feat_pillars,
          hangedman_feature_mirror, fountainhead
D:6:      layout_loops_ring, serial_bayou_ford_a
D:7:      layout_rooms, mainiacjoe_overflow_tiny_flanked,
          nicolae_gozag_zags_fifth_avenue, minmay_temple_entry_slanted,
          kennysheep_path_1, uniq_prince_ribbit1
D:8:      layout_loops_ring, overflow_temple_1_default,
          chequers_temple_overflow_statue_of_worship, uniq_psyche

Skill      XL: |  1  2  3  4  5  6  7  8  9 |
---------------+----------------------------+-----
Armour         | 3 4 6 |  6.8
Maces & Flails | 4 5 6 8 9 |  9.1
Dodging        | 2 3 4 |  4.4
Fighting       | 4 5 6 |  6.6
Stealth        | 1 2 |  2.8
Throwing       | 1 |  1.0

Action                     |  1- 3 |  4- 6 |  7- 9 || total
---------------------------+-------+-------+-------++-------
  Melee: Mace              |   140 |   222 |   311 ||   673
         Punch             |     3 |     4 |     3 ||    10
  Throw: Boomerang         |       |     3 |     8 ||    11
 Invoke: Berserk           |       |       |     2 ||     2
    Use: Scroll            |       |     7 |     4 ||    11
         Potion            |       |       |     1 ||     1
   Stab: Sleeping          |       |     1 |       ||     1
 Armour: Animal skin       |    62 |    13 |       ||    75
         Leather armour    |       |    75 |   125 ||   200
         Robe              |       |       |    49 ||    49
  Dodge: Dodged            |   111 |   144 |   215 ||   470
